 Dungeon Crawl Stone Soup version 0.22.0 (webtiles) character file.

259 CyclopB the Insei (level 6, 0/38 HPs)
             Began as an Octopode Transmuter on Jan 22, 2019.
             Was a Follower of Dithmenos.
             Slain by an adder (3 damage)
             ... on level 4 of the Dungeon.
             The game lasted 00:08:01 (3262 turns).

CyclopB the Insei (Octopode Transmuter)             Turns: 3262, Time: 00:08:01

Health: 0/38       AC:  1    Str: 14    XL:     6   Next: 17%
Magic:  9/9        EV: 13    Int: 17    God:    Dithmenos [*.....]
Gold:   146        SH:  0    Dex: 13    Spells: 2/9 levels left

rFire    . . .     SeeInvis .     - Unarmed
rCold    . . .     Gourm    .   (no shield)
rNeg     . . .     Faith    .   (helmet restricted)
rPois    .         Spirit   .   (no amulet)
rElec    .         Reflect  .   (no ring)
rCorr    .         Harm     .   (no ring)
MR       .....                  (no ring)
Stlth    +++.......             (no ring)
HPRegen  0.12/turn              (no ring)
MPRegen  0.11/turn              (no ring)
                                (no ring)
                                (no ring)

@: mighty, wreathed by umbra
A: almost no armour, stealthy swim, amphibious, 8 rings, constrict 8, camouflage
1, gelatinous body 1
a: Renounce Religion


You were on level 4 of the Dungeon.
You worshipped Dithmenos.
Dithmenos was aware of your devotion.
You were not hungry.

You visited 1 branch of the dungeon, and saw 4 of its levels.

You collected 146 gold pieces.

Inventory:

Missiles
 a - 30 arrows
 f - 8 tomahawks (quivered)
 l - 20 stones
Jewellery
 n - an uncursed amulet of rage {unknown}
 p - an uncursed ring of protection from cold {unknown}
Scrolls
 b - 2 scrolls of teleportation {unknown}
 g - 2 scrolls of magic mapping {unknown}
 h - a scroll of identify {unknown}
 j - a scroll of fog {unknown}
 o - a scroll of enchant armour {unknown}
 q - a scroll of remove curse {unknown}
Potions
 d - a potion of resistance {unknown}
 e - 2 potions of curing {unknown}
 i - 2 potions of might
 k - a potion of berserk rage {unknown}
Comestibles
 c - 6 rations


   Skills:
 - Level 1.0 Fighting
 - Level 2.0 Dodging
 - Level 6.0 Unarmed Combat
 - Level 2.0 Spellcasting
 + Level 3.5 Transmutations


You had 2 spell levels left.
You knew the following spells:

 Your Spells              Type           Power        Failure   Level  Hunger
a - Beastly Appendage     Tmut           ##....       4%          1    #......
b - Sticks to Snakes      Tmut           ##......     7%          2    ###....
c - Ice Form              Ice/Tmut       #.......     67%         4    #####..

Your spell library contained the following spells:

 Spells                   Type           Power        Failure   Level  Hunger
 Spider Form              Tmut/Pois      #.........   28%         3    ###....
 Blade Hands              Tmut           ##........   77%         5    ######.


Dungeon Overview and Level Annotations

Branches:
Dungeon (4/15)
 Temple: D:4-7

Altars:
Dithmenos
Elyvilon
Okawaru
Ru
Uskayaw


Innate Abilities, Weirdness & Mutations

You cannot wear most types of armour.
You are very stealthy in the water. (Stealth+)
You are amphibious.
You can wear up to eight rings at the same time.
You can use your tentacles to constrict eight enemies at once.
Your skin changes colour to match your surroundings (Stealth+).
Your rubbery body absorbs attacks. (AC +1, EV +1)


Message History

Increase (S)trength, (I)ntelligence, or (D)exterity?
You feel clever.
A hound comes into view.
The adder bites you.
* * * LOW HITPOINT WARNING * * *
Okay, then.
Unknown command.
Unknown command.
You closely miss the adder.
The hound barks!
Your grab misses the adder. The adder barely misses you.
The quokka skeleton closely misses you. The adder closely misses you.
You closely miss the adder. Your grab misses the adder. You squeeze the adder.
The adder is heavily wounded.
The quokka skeleton misses you. The adder bites you.
* * * LOW HITPOINT WARNING * * *
It was a potion of might.
You feel very mighty all of a sudden. The adder bites you.
You die...

#. .## # ##.
.. .. .. ..
.##.##.#
......#
#....#
#[)..#
##.S@.#
#...hZ###
#.>.<...#
.........#.#
..####..##[#
. #..# #
...# ##.##
..


You could see a hound, an adder and a quokka skeleton.

Vanquished Creatures
  An ogre (D:4)
  An orc priest (D:3)
  An orc wizard (D:3)
  3 adders
  An ooze (D:2)
  3 worms (D:2)
  5 dart slugs
  2 leopard geckos
  3 orcs (D:3)
  6 bats
  5 giant cockroaches
  10 goblins
  7 hobgoblins
  3 jackals (D:2)
  A ball python (D:2)
  4 frilled lizards
  9 kobolds
  8 rats
73 creatures vanquished.

Notes
Turn   | Place    | Note
-------+----------+-------------------------------------------
     0 | D:1      | CyclopB the Octopode Transmuter began the quest for the Orb.
     0 | D:1      | Reached XP level 1. HP: 13/13 MP: 3/3
   196 | D:1      | Reached XP level 2. HP: 13/18 MP: 5/5
   582 | D:2      | Reached skill level 4 in Unarmed Combat
   582 | D:2      | Reached XP level 3. HP: 17/23 MP: 6/6
  1058 | D:2      | Reached XP level 4. HP: 23/28 MP: 7/7
  1142 | D:3      | Reached skill level 5 in Unarmed Combat
  1299 | D:3      | Found a hide-covered altar of Uskayaw.
  1301 | D:3      | Found a white marble altar of Elyvilon.
  1301 | D:3      | Found a sacrificial altar of Ru.
  1301 | D:3      | Found a shadowy altar of Dithmenos.
  1311 | D:3      | Became a worshipper of Dithmenos the Shadowed
  1968 | D:1      | Reached XP level 5. HP: 28/33 MP: 8/8
  2485 | D:3      | Found a faded altar of an unknown god.
  2522 | D:3      | Reached * piety under Dithmenos
  3039 | D:3      | Found an iron altar of Okawaru.
  3216 | D:3      | Reached skill level 6 in Unarmed Combat
  3220 | D:3      | Learned a level 2 spell: Sticks to Snakes
  3225 | D:3      | Learned a level 4 spell: Ice Form
  3250 | D:4      | Noticed an ogre
  3259 | D:4      | Killed an ogre
  3259 | D:4      | Reached XP level 6. HP: 7/38 MP: 9/9
  3262 | D:4      | Slain by an adder

Skill      XL: |  1  2  3  4  5 |
---------------+----------------+-----
Unarmed Combat | 4 5 6 |  6.0
Transmutations | 3 |  3.5
Fighting       | |  1.0
Dodging        | |  2.0
Spellcasting   | |  2.0

Action                   |  1- 3 |  4- 6 || total
-------------------------+-------+-------++-------
Melee: Unarmed           |    87 |    97 ||   184
       Constrict         |    25 |    21 ||    46
       Tentacles         |    15 |    11 ||    26
       Punch             |     3 |     4 ||     7
  Use: Potion            |       |     1 ||     1
 Stab: Sleeping          |     6 |     4 ||    10
       Distracted        |       |     1 ||     1
  Eat: Chunk             |       |     7 ||     7
Armor: Skin              |     5 |     2 ||     7
Dodge: Dodged            |    50 |    59 ||   109
